 Dungeon Crawl Stone Soup version 0.27-a0-1334-g2746e35aca (webtiles) character file.

Game seed: 16538041388955964334

109 sokol815 the Chiller (level 4, 0/27 HPs)
             Began as an Octopode Ice Elementalist on June 25, 2021.
             Killed from afar by a white imp (8 damage)
             ... with a puff of frost
             ... on level 3 of the Dungeon on June 26, 2021.
             The game lasted 00:08:50 (2682 turns).

sokol815 the Chiller (Octopode Ice Elementalist)    Turns: 2682, Time: 00:08:51

Health: 0/27       AC:  1    Str:  7    XL:     4   Next: 89%
Magic:  6/7        EV: 13    Int: 17    God:
Gold:   208        SH:  0    Dex: 13    Spells: 0/7 levels left

rFire    . . .     SeeInvis .   b - +0 spear
rCold    . . .     Faith    .   (no shield)
rNeg     . . .     Spirit   .   (helmet restricted)
rPois    .         Reflect  .   (no amulet)
rElec    .         Harm     .   (no ring)
rCorr    .         Rampage  .   (no ring)
Will     .....                  (no ring)
Stlth    +++.......             (no ring)
HPRegen  0.09/turn              (no ring)
MPRegen  0.10/turn              (no ring)
                                (no ring)
                                (no ring)

@: no status effects
A: almost no armour, amphibious, 8 rings, camouflage 1, gelatinous body 1,
(nimble swimmer 1), tentacles
a: no special abilities


You were on level 3 of the Dungeon.
You visited 1 branch of the dungeon, and saw 4 of its levels.

You collected 208 gold pieces.

Inventory:

Hand Weapons
 b - a +0 spear (weapon)
   (You found it on level 1 of the Dungeon)
 i - a +0 dagger
   (You took it off a goblin on level 1 of the Dungeon)
Missiles
 f - 23 bolts
 g - 76 arrows
 s - 26 stones
Armour
 d - a +0 kite shield
   (You found it on level 1 of the Dungeon)
Magical Staves
 a - a staff of cold {rC+}
   (You found it on level 2 of the Dungeon)
Scrolls
 c - 2 scrolls of teleportation {unknown}
 j - a scroll of fog
 m - a scroll of enchant weapon {unknown}
Potions
 e - 2 potions of lignification {unknown}
 h - a potion of resistance {unknown}
 k - 2 potions of degeneration {unknown}
 l - a potion of curing {unknown}
 n - 2 potions of heal wounds {unknown}


   Skills:
 - Level 2.0 Dodging
 - Level 2.6 Stealth
 - Level 2.0 Spellcasting
 + Level 6.1 Ice Magic


You couldn't memorise any spells.
You knew the following spells:

 Your Spells              Type           Power      Damage    Failure   Level
a - Freeze                Ice            88%        1d10      1%          1
b - Frozen Ramparts       Ice            44%        1d6       4%          3
A - Ozocubu's Armour      Ice            22%        N/A       4%          3

Your spell library contained the following spells:

 Spells                   Type           Power      Damage    Failure   Level
 Magic Dart               Conj           4%         1d3       19%         1
 Blink                    Tloc           N/A        N/A       28%         2
 Call Imp                 Summ           1%         N/A       28%         2
 Slow                     Hex            1%         N/A       28%         2
 Conjure Flame            Conj/Fire      1%         6-21      50%         3
 Mephitic Cloud           Conj/Pois/Air  1%         N/A       50%         3
 Hailstorm                Conj/Ice       12%        3d5       50%         4
 Metabolic Englaciation   Hex/Ice        6%         N/A       83%         5


Dungeon Overview and Level Annotations

Branches:
Dungeon (4/15)
 Temple: D:4-7

Altars:

Shops:
D:2 *

Annotations:
D:2 Natasha


Innate Abilities, Weirdness & Mutations

You cannot wear most types of armour.
You are amphibious.
You can wear up to eight rings at the same time.
Your skin changes colour to match your surroundings (Stealth+).
Your rubbery body absorbs attacks. (AC +1, EV +1)
((You are camouflaged near water. (Stealth+)))
You have tentacles for arms and can constrict up to eight enemies at once.


Message History

You take 1 damage, and have 26/27 hp.
Aim: a worm You feel a surge of power!
You freeze the worm!
You now have 6/7 mp.
Aim: a worm (heavily wounded)
You feel a surge of power!
You freeze the worm. The worm bites you!
You take 7 damage, and have 19/27 hp.
MASSIVE DAMAGE!!
You now have 5/7 mp.
Aim: a worm (severely wounded)
You feel a surge of power!
You freeze the worm.
You now have 4/7 mp.
Aim: a worm (severely wounded)
You feel a surge of power!
You freeze the worm!
You kill the worm!
You now have 3/7 mp.
You now have 163 gold pieces (gained 10).
You now have 167 gold pieces (gained 4).
You fall into a shaft and drop 2 floors!
The shaft crumbles and collapses.
Health restored: 27; MP restored: 7 A kobold comes into view.
It is wielding a +1 dagger of venom.
Okay, then.
Okay, then.
You now have 173 gold pieces (gained 6).
You now have 183 gold pieces (gained 10).
Found a stone staircase leading up.
n - 2 viscous cyan potions (gained 1)
There is a stone staircase leading up here.
You climb upwards.
There is a stone staircase leading down here.
A white imp comes into view.
You see here 13 gold pieces.
You now have 196 gold pieces (gained 13).
You now have 208 gold pieces (gained 12).
Found a stone staircase leading down.
Found 15 arrows.
Found an escape hatch in the floor.
g - 76 arrows (gained 15)
An orc comes into view. It is wielding a +0 dagger.
Found a stone staircase leading up.
There is a stone staircase leading up here.
You climb upwards.
Level annotation: Natasha
There is a stone staircase leading down here.
A ball python comes into view.
The ball python hisses angrily.
You hit the ball python but do no damage.
You grab the ball python. You constrict the ball python.
The ball python bites you. The ball python closely misses you.
The ball python misses you. x2
You take 2 damage, and have 25/27 hp.
You hit the ball python. You constrict the ball python.
You kill the ball python!
No target in view!
You see here a ball python corpse.
Partly explored, can't reach some places.
Health restored: 27
(D) Dungeon
Where to? (? - help)
There is a stone staircase leading down here.
You climb downwards.
There is a stone staircase leading up here.
You open the door.
There is an open door here.
s - 26 stones (gained 19)
You open the door.
There is an open door here.
A white imp is nearby!
The white imp shouts, "Scamper hence, thou twisted crook-pated dewberry!"
The white imp gestures at you. The puff of frost hits you. You resist.
You take 3 damage, and have 24/27 hp.
You barely miss the white imp. You grab the white imp.
You squeeze the white imp, but do no damage.
You constrict the white imp. The white imp hits you. The white imp freezes you.
You resist.
You take 5 damage, and have 19/27 hp.
Aim: a white imp (lightly wounded, constricted by you)
You feel a surge of power!
You freeze the white imp.
The white imp resists.
You constrict the white imp, but do no damage.
The white imp hits you. The white imp freezes you. You resist.
You take 3 damage, and have 16/27 hp.
You now have 6/7 mp.
b - a +0 spear (weapon)
You constrict the white imp. The white imp barely misses you.
Reach: b) +0 spear
Aim: a white imp (heavily wounded, constricted by you, about 14% to evade your +0 spear)
You hit the white imp but do no damage. You constrict the white imp.
The white imp hits you. The white imp freezes you.
* * * LOW HITPOINT WARNING * * *
You take 9 damage, and have 7/27 hp.
MASSIVE DAMAGE!!
You are too injured to fight recklessly!
You are too injured to fight recklessly!
You are too injured to fight recklessly!
You hit the white imp but do no damage. You squeeze the white imp.
You constrict the white imp, but do no damage.
The white imp gestures at you. The puff of frost hits you!
You die...

... ... # #.# #
#.#.#(# .#.#. ##+##
... ##...## ##5#
##.....## ##.@#
##.......##
##...####.........###
#.......'.........'<.
##...####.........###
####..#####.......####
#.......# ##.....###..
#.###.#.# ##...## #.#
#.# #.#.# ##+## #.#
#.###.#.# ##.#####.#


You could see a white imp.

Vanquished Creatures
  Terence (D:2)
  3 adders (D:2)
  2 worms (D:2)
  5 dart slugs
  4 ball pythons
  A bat (D:1)
  6 endoplasms
  2 goblins
  4 hobgoblins
  4 jackals (D:2)
  2 quokkas
  2 frilled lizards
  3 kobolds (D:1)
  3 rats
42 creatures vanquished.

Notes
Turn   | Place    | Note
-------+----------+-------------------------------------------
     0 | D:1      | sokol815 the Octopode Ice Elementalist began the quest for
                  | the Orb.
     0 | D:1      | Reached XP level 1. HP: 11/11 MP: 3/3
   462 | D:1      | Reached XP level 2. HP: 13/17 MP: 3/5
  1158 | D:2      | Reached skill level 5 in Ice Magic
  1158 | D:2      | Reached XP level 3. HP: 16/21 MP: 3/6
  1578 | D:2      | Reached XP level 4. HP: 27/27 MP: 2/7
  1772 | D:2      | Upgraded the game from 0.27-a0-1332-g84bddb5ca7 to
                  | 0.27-a0-1334-g2746e35aca
  1830 | D:2      | Learned a level 3 spell: Frozen Ramparts
  1834 | D:2      | Learned a level 3 spell: Ozocubu's Armour
  1859 | D:2      | Noticed Natasha
  1991 | D:2      | Noticed Terence
  1995 | D:2      | Killed Terence
  1996 | D:2      | Reached skill level 6 in Ice Magic
  2084 | D:2      | Found Etwasm's General Store.
  2357 | D:2      | You fall into a shaft and drop 2 floors!
  2682 | D:3      | Killed from afar by a white imp

Illustrated notes

Levels and vault maps discovered:
D:1:      minmay_arrival_four_houses, layout_basic, minmay_door_square,
          serial_bayou_pond_e, chequers_hall_statues_wall_a,
          minmay_misc_feat_more_columns
D:2:      layout_loops_ring, serial_shops, shop_coins, minmay_fractal_squares_5,
          uniq_natasha, uniq_terence
D:3:      layout_loops_corners, grunt_temple_overflow_growth_and_decay,
          lemuel_doored_altar, uniq_robin, uniq_jessica, uniq_ijyb
D:4:      layout_cave_pools

Skill      XL: |  1  2  3  4 |
---------------+-------------+-----
Ice Magic      | 5 6 |  6.1
Dodging        | |  2.0
Stealth        | |  2.6
Spellcasting   | |  2.0

Action                   |  1- 3 |  4- 6 || total
-------------------------+-------+-------++-------
Melee: Whip              |     4 |       ||     4
       Club              |     1 |       ||     1
       Spear             |    23 |     2 ||    25
       Constrict         |     3 |     6 ||     9
       Tentacles         |     3 |     2 ||     5
       Staff             |     3 |    14 ||    17
 Cast: Freeze            |    38 |    17 ||    55
       Ozocubu's Armour  |       |     1 ||     1
       Frozen Ramparts   |       |     1 ||     1
  Use: Scroll            |       |     1 ||     1
 Stab: Sleeping          |     4 |     1 ||     5
Armor: Skin              |     4 |     1 ||     5
Dodge: Dodged            |    24 |    16 ||    40

Table legend: (Time is in decaauts)
 A = Elapsed time spent in this place.
 B = Non-inter-level travel time spent in this place.
 C = Inter-level travel time spent in this place.
 D = Time resting spent in this place.
 E = Time spent auto-exploring this place.
 F = Levels seen in this place.
 G = Mean time per level.
                   A        B        C        D        E       F      G
               +--------+--------+--------+--------+--------+-----+--------+
         Total |   2687 |   2608 |     79 |    463 |   1647 |   4 |  671.8 |
       Dungeon |   2687 |   2608 |     79 |    463 |   1647 |   4 |  671.8 |
               +--------+--------+--------+--------+--------+-----+--------+

Top non-repeatable levels by time:
     D:2: 1432 daAuts
     D:1: 1115 daAuts
     D:3: 79 daAuts
     D:4: 60 daAuts

Table legend:
 A = Kills in this place as a percentage of kills in entire the game.
 B = Kills by you in this place as a percentage of kills by you in the entire game.
 C = Kills by friends in this place as a percentage of kills by friends in the entire game.
 D = Other kills in this place as a percentage of other kills in the entire game.
 E = Experience gained in this place as a percentage of experience gained in the entire game.
 F = Experience gained in this place divided by the number of levels of this place that you have seen.
                   A       B       C       D       E      F
               +-------+-------+-------+-------+-------+----------------------
         Total | 100.0 | 100.0 |   N/A |   N/A | 100.0 |  39.0
       Dungeon | 100.0 | 100.0 |   N/A |   N/A | 100.0 |  39.0
               +-------+-------+-------+-------+-------+----------------------
